 Dungeon Crawl Stone Soup version 0.26-a0-631-ged93497179 (webtiles) character file.

Game seed: 1920911226513344534

172 DogServant the Skirmisher (level 5, 49/49 HPs)
             Began as a Minotaur Fighter on Sept 12, 2020.
             Was an Initiate of Elyvilon.
             Quit the game on level 2 of the Dungeon.
             The game lasted 00:03:17 (1296 turns).

DogServant the Skirmisher (Minotaur Fighter)        Turns: 1296, Time: 00:03:18

Health: 49/49      AC:  8    Str: 21    XL:     5   Next: 27%
Magic:  4/4        EV:  7    Int:  5    God:    Elyvilon [......]
Gold:   96         SH:  9    Dex: 10    Spells: 4/4 levels left

rFire    . . .     SeeInvis .   a - +0 war axe
rCold    . . .     Faith    .   c - +0 kite shield
rNeg     . . .     Spirit   .   b - +0 scale mail
rPois    .         Reflect  .   (helmet restricted)
rElec    .         Harm     .   (no cloak)
rCorr    .         Rampage  .   (no gloves)
MR       .....                  i - +0 pair of boots
Stlth    ..........             (no amulet)
HPRegen  0.16/turn              (no ring)
MPRegen  0.09/turn              (no ring)

@: no status effects
A: retaliatory headbutt, horns 2
a: Renounce Religion


You were on level 2 of the Dungeon.
You worshipped Elyvilon.
Elyvilon was noncommittal.
You visited 1 branch of the dungeon, and saw 2 of its levels.

You collected 96 gold pieces.

Inventory:

Hand Weapons
 a - a +0 war axe (weapon)
Armour
 b - a +0 scale mail (worn)
 c - a +0 kite shield (worn)
 i - a +0 pair of boots (worn)
Jewellery
 e - an uncursed ring of magical power {unknown}
Scrolls
 g - a scroll of remove curse {unknown}
 h - a scroll of teleportation {unknown}
 j - a scroll of immolation {unknown}
 k - a scroll of identify {unknown}
Potions
 d - a potion of might
 f - 2 potions of heal wounds {unknown}


   Skills:
 + Level 5.6 Fighting
 + Level 4.8 Axes
 - Level 3.8 Armour
 - Level 3.8 Shields


You had 4 spell levels left.
You didn't know any spells.
Your spell library was empty.

Dungeon Overview and Level Annotations

Branches:
Dungeon (2/15)

Altars:
Elyvilon
Fedhas
Gozag
Kikubaaqudgha
Zin

Annotations:
D:2 Natasha


Innate Abilities, Weirdness & Mutations

You reflexively headbutt those who attack you in melee.
You have a pair of horns on your head.


Message History

You see here an adder corpse.
There is a dry fountain here.
A giant cockroach comes into view.
A giant cockroach is nearby!
The giant cockroach barely misses you. You furiously retaliate!
You headbutt the giant cockroach.
You kill the giant cockroach!
A ball python comes into view.
A ball python is nearby!
The ball python hisses angrily.
The ball python bites you but does no damage.
The ball python grabs you. The ball python constricts you.
You hit the ball python.
You kill the ball python!
You see here a ball python corpse.
Natasha, Servant of Life and Death comes into view.
Natasha is nearby!
Are you sure you want to abandon this character and quit the game? (Confirm with "yes".)
Okay, then.
Are you sure you want to abandon this character and quit the game? (Confirm with "yes".)

##.# #####.#######.###♣♣♣...♣
##.###...........#.##...P♣.P♣
.......###.#####.#.##.♣♣.P..♣
.).....##♣h♣#♣#♣.♣.##.♣♣♣)♣.♣
##..#.................# ♣♣P♣♣
##..#####♣.♣.♣.♣.♣...## ♣♣♣#
##..# .........#..# #.# ....#
♣.♣.♣.♣.♣#.†# #.# .#.##
.......@.#(.######.# ...#
#♣.♣.♣.♣.♣..........# ...#
#................#### ...#
#♣#♣#♣#♣#♣#..###.# .#.# #.#
#.#..# #.# .#.# #.# #.#..#
#.# ##.# #.#######.#..# #.#
##.######............###.#
.........#..........##...#


You could see Natasha (wandering).

Vanquished Creatures
  A worker ant (D:2)
  Natasha (twice) (D:2)
  4 adders (D:2)
  2 oozes (D:1)
  A dart slug (D:1)
  A leopard gecko (D:2)
  3 orcs (D:2)
  2 bats
  A giant cockroach (D:2)
  4 goblins
  9 hobgoblins
  5 jackals (D:1)
  7 kobolds
  A quokka (D:2)
  2 ball pythons (D:2)
  2 frilled lizards (D:2)
  4 rats
51 creatures vanquished.

Vanquished Creatures (others)
  4 plants (D:2)
  4 withered plants (D:2)
8 creatures vanquished.

Grand Total: 59 creatures vanquished

Notes
Turn   | Place    | Note
-------+----------+-------------------------------------------
     0 | D:1      | DogServant the Minotaur Fighter began the quest for the
                  | Orb.
     0 | D:1      | Reached XP level 1. HP: 19/19 MP: 0/0
    20 | D:1      | Reached XP level 2. HP: 24/27 MP: 1/1
    80 | D:1      | Reached skill level 4 in Fighting
   421 | D:1      | Reached XP level 3. HP: 34/34 MP: 2/2
   693 | D:2      | Reached XP level 4. HP: 41/41 MP: 3/3
   788 | D:2      | Found a blossoming altar of Fedhas.
   788 | D:2      | Found an ancient bone altar of Kikubaaqudgha.
   814 | D:2      | Reached skill level 5 in Fighting
   910 | D:2      | Noticed Natasha
   917 | D:2      | Killed Natasha
   922 | D:2      | Found an opulent altar of Gozag.
   926 | D:2      | Found a glowing silver altar of Zin.
   926 | D:2      | Found a white marble altar of Elyvilon.
   948 | D:2      | Became a worshipper of Elyvilon the Healer
  1042 | D:2      | Noticed Natasha
  1048 | D:2      | Killed Natasha
  1048 | D:2      | Reached XP level 5. HP: 36/48 MP: 4/4
  1295 | D:2      | Noticed Natasha
  1296 | D:2      | Quit the game

Illustrated notes

Levels and vault maps discovered:
D:1:      lightli_iron_boxes, layout_basic, minmay_misc_feat_enclosed
D:2:      layout_loops_ring, grunt_temple_overflow_growth_and_decay,
          chequers_temple_overflow_statue_of_worship, serial_forest,
          infiniplex_forest_end_2, infiniplex_forest_fountain,
          infiniplex_forest_straight_2, infiniplex_forest_straight_5,
          infiniplex_forest_3_way, infiniplex_forest_end_1,
          infiniplex_forest_lined_room_3, infiniplex_forest_corner_2,
          infiniplex_forest_straight_3, uniq_natasha

Skill      XL: |  1  2  3  4 |
---------------+-------------+-----
Fighting       | 4 5 |  5.6
Axes           | 3 4 |  4.8
Armour         | |  3.8
Shields        | |  3.8

Action                   |  1- 3 |  4- 6 || total
-------------------------+-------+-------++-------
Melee: War axe           |    62 |    61 ||   123
       Headbutt          |    17 |     6 ||    23
Armor: Scale mail        |    37 |    20 ||    57
Dodge: Dodged            |    29 |    16 ||    45
Block: Kite shield       |    35 |    35 ||    70

Table legend: (Time is in decaauts)
 A = Elapsed time spent in this place.
 B = Non-inter-level travel time spent in this place.
 C = Inter-level travel time spent in this place.
 D = Time resting spent in this place.
 E = Time spent auto-exploring this place.
 F = Levels seen in this place.
 G = Mean time per level.
                   A        B        C        D        E       F      G
               +--------+--------+--------+--------+--------+-----+--------+
         Total |   1353 |   1325 |     28 |      0 |    964 |   2 |  676.5 |
       Dungeon |   1353 |   1325 |     28 |      0 |    964 |   2 |  676.5 |
               +--------+--------+--------+--------+--------+-----+--------+

Top non-repeatable levels by time:
     D:2: 855 daAuts
     D:1: 498 daAuts
